[ AOE2 MATCH · #505745196 ]
UnrankedMalians vs Khitans
Player's team · LOSS
Rival team · WIN
[ REPLAY ANALYSIS · EXTRACTED FROM THE RECORDED GAME ]
Feudal
8:50
Castle
22:38
Imperial
38:18
| APM avg | 58.8 |
| APM peak | 86 |
| eAPM avg | 25.0 |
| Villagers / military | 116 / 120 |
Focus
⚔️ 35.2% · 🌾 64.8%
Archer ×58 · Skirmisher ×41 · Spearman ×11 · Camel Scout ×6 · Militia ×4
Feudal
8:56
Castle
21:15
Imperial
36:58
| APM avg | 61.4 |
| APM peak | 116 |
| eAPM avg | 28.6 |
| Villagers / military | 140 / 76 |
Focus
⚔️ 57.0% · 🌾 43.0%
Cavalry Archer ×56 · Scout Cavalry ×8 · Iron Pagoda ×5 · Skirmisher ×4 · Trebuchet (Packed) ×2 · Monk ×1
Match map
Initial resources + every placement click. Lines = walls · curves = elevation contours. ◆ gold · ⬟ stone · ● berries · ✦ relic · ◌ wall gap
Your base· ✓ Closed at 22:38 · 44t walls · no gate
OS+ | Tiggerr's base· Open — opponent sealed themselves in
Smoothed initial terrain · ◌ = detected wall gap · hover for details
Inputs per minute
— rubatubdubs - - OS+ | Tiggerr
Build order — rubatubdubs
First 150 of 371 actions detected
| 0:00 | Queue | Villager (Male) |
| 0:02 | Build | House |
| 0:04 | Build | House |
| 0:12 | Queue | Villager (Male) |
| 0:14 | Queue | Villager (Male) |
| 0:20 | Queue | Villager (Male) |
| 1:24 | Queue | Villager (Male) |
| 1:24 | Queue | Villager (Male) |
| 1:49 | Build | Lumber Camp |
| 1:59 | Queue | Villager (Male) |
| 2:13 | Queue | Villager (Male) |
| 2:37 | Build | House |
| 2:46 | Queue | Villager (Male) |
| 3:04 | Queue | Villager (Male) |
| 3:04 | Queue | Villager (Male) |
| 3:36 | Queue | Villager (Male) |
| 3:36 | Queue | Villager (Male) |
| 4:26 | Queue | Villager (Male) |
| 4:45 | Build | Barracks |
| 4:53 | Queue | Villager (Male) |
| 4:54 | Queue | Villager (Male) |
| 5:09 | Build | House |
| 5:14 | Queue | Villager (Male) |
| 5:32 | Research | Loom |
| 6:04 | Build | Mining Camp |
| 6:37 | Research | Feudal Age |
| 6:54 | Queue | Militia |
| 7:13 | Queue | Militia |
| 7:34 | Queue | Militia |
| 8:02 | Build | House |
| 8:29 | Queue | Villager (Male) |
| 8:42 | Build | Mill |
| 8:44 | Build | House |
| 8:50 | Age | Feudal Age |
| 8:51 | Research | Man-at-Arms (upgrade) |
| 8:54 | Build | Archery Range |
| 8:55 | Build | Palisade Wall |
| 9:41 | Queue | Villager (Male) |
| 9:51 | Queue | Militia |
| 9:55 | Queue | Spearman |
| 9:56 | Queue | Archer |
| 9:57 | Queue | Villager (Male) |
| 9:57 | Queue | Archer |
| 10:12 | Build | Blacksmith |
| 10:22 | Queue | Spearman |
| 10:26 | Queue | Spearman |
| 10:29 | Queue | Villager (Male) |
| 10:33 | Build | House |
| 10:34 | Build | Palisade Wall |
| 10:36 | Build | Palisade Wall |
| 10:48 | Build | House |
| 10:49 | Build | Palisade Wall |
| 10:52 | Queue | Villager (Male) |
| 10:53 | Queue | Archer |
| 11:00 | Build | Farm |
| 11:07 | Queue | Archer |
| 11:15 | Build | Farm |
| 11:18 | Queue | Villager (Male) |
| 11:27 | Queue | Archer |
| 11:42 | Queue | Villager (Male) |
| 11:55 | Build | Farm |
| 11:55 | Queue | Archer |
| 12:08 | Queue | Villager (Male) |
| 12:18 | Build | Palisade Wall |
| 12:21 | Build | Palisade Wall |
| 12:22 | Queue | Archer |
| 12:39 | Research | Fletching |
| 12:49 | Queue | Villager (Male) |
| 12:52 | Build | Farm |
| 13:04 | Build | House |
| 13:15 | Queue | Villager (Male) |
| 13:19 | Build | Palisade Wall |
| 13:26 | Build | Palisade Wall |
| 13:30 | Build | Palisade Wall |
| 13:32 | Queue | Archer |
| 13:45 | Queue | Villager (Male) |
| 13:58 | Queue | Villager (Male) |
| 13:59 | Queue | Archer |
| 14:01 | Queue | Villager (Male) |
| 14:14 | Build | Lumber Camp |
| 14:33 | Build | Farm |
| 14:34 | Queue | Villager (Male) |
| 14:52 | Queue | Spearman |
| 14:56 | Queue | Spearman |
| 15:03 | Build | Farm |
| 15:05 | Research | Scale Mail Armor |
| 15:05 | Research | Scale Mail Armor |
| 15:13 | Queue | Archer |
| 15:39 | Queue | Spearman |
| 15:47 | Queue | Spearman ×4 |
| 15:48 | Queue | Archer |
| 15:54 | Queue | Villager (Male) |
| 15:56 | Build | Farm |
| 15:57 | Build | Farm |
| 16:04 | Queue | Archer |
| 16:14 | Queue | Villager (Male) |
| 16:17 | Build | Farm |
| 16:19 | Queue | Villager (Male) |
| 16:21 | Queue | Spearman |
| 16:31 | Queue | Archer |
| 16:42 | Queue | Villager (Male) |
| 16:50 | Queue | Villager (Male) |
| 16:52 | Queue | Villager (Male) |
| 16:54 | Build | Farm |
| 16:54 | Build | Farm |
| 16:54 | Build | Farm |
| 16:55 | Build | Farm |
| 17:00 | Queue | Archer |
| 17:17 | Queue | Archer |
| 17:20 | Build | Farm |
| 17:20 | Build | Farm |
| 17:49 | Queue | Villager (Male) |
| 17:50 | Queue | Archer |
| 17:52 | Build | Farm |
| 17:52 | Build | Farm |
| 17:52 | Build | Farm |
| 17:52 | Build | Farm |
| 18:01 | Queue | Archer |
| 18:12 | Queue | Villager (Male) |
| 18:14 | Build | Farm |
| 18:14 | Build | Farm |
| 18:14 | Build | Farm |
| 18:16 | Queue | Villager (Male) |
| 18:28 | Build | House |
| 18:31 | Research | Wheelbarrow |
| 18:40 | Queue | Archer |
| 18:48 | Queue | Villager (Male) |
| 18:50 | Build | Farm |
| 18:54 | Build | Farm |
| 18:59 | Build | Farm |
| 19:28 | Queue | Archer |
| 19:58 | Research | Castle Age |
| 19:58 | Research | Castle Age |
| 20:10 | Queue | Archer |
| 20:27 | Build | Archery Range |
| 20:37 | Build | Archery Range |
| 20:38 | Research | Gold Mining |
| 20:40 | Queue | Archer |
| 21:05 | Queue | Archer |
| 21:32 | Build | Palisade Wall |
| 21:33 | Queue | Archer |
| 21:49 | Queue | Archer |
| 21:59 | Queue | Villager (Male) |
| 22:01 | Build | Farm |
| 22:03 | Research | Horse Collar |
| 22:05 | Research | Double-Bit Axe |
| 22:12 | Build | House |
| 22:13 | Build | House |
| 22:15 | Research | Padded Archer Armor |
| 22:18 | Queue | Archer |
Build order — OS+ | Tiggerr
First 150 of 343 actions detected
| 0:00 | Queue | Villager (Male) |
| 0:01 | Queue | Villager (Male) |
| 0:02 | Build | House |
| 0:03 | Build | House |
| 0:13 | Queue | Villager (Male) |
| 0:25 | Queue | Villager (Male) |
| 1:27 | Queue | Villager (Male) |
| 1:56 | Build | Lumber Camp |
| 2:02 | Queue | Villager (Male) |
| 2:29 | Queue | Villager (Male) |
| 2:55 | Queue | Villager (Male) |
| 2:56 | Queue | Villager (Male) |
| 3:22 | Queue | Villager (Male) |
| 3:38 | Build | House |
| 3:49 | Queue | Villager (Male) |
| 4:21 | Build | Mill |
| 4:25 | Queue | Villager (Male) |
| 4:34 | Queue | Villager (Male) |
| 5:28 | Queue | Villager (Male) |
| 5:32 | Queue | Villager (Male) |
| 6:01 | Research | Loom |
| 6:46 | Research | Feudal Age |
| 7:44 | Build | Barracks |
| 8:13 | Queue | Villager (Male) |
| 8:14 | Build | Palisade Wall |
| 8:46 | Build | House |
| 8:51 | Queue | Villager (Male) |
| 8:56 | Age | Feudal Age |
| 8:58 | Build | Stable |
| 8:59 | Build | House |
| 9:08 | Research | Double-Bit Axe |
| 9:13 | Build | Palisade Wall |
| 9:16 | Build | Palisade Wall |
| 9:33 | Build | Palisade Wall |
| 9:34 | Build | Palisade Wall |
| 9:35 | Build | Palisade Wall |
| 9:56 | Queue | Villager (Male) |
| 9:57 | Queue | Villager (Male) |
| 10:07 | Build | House |
| 10:12 | Build | Palisade Wall |
| 10:23 | Queue | Villager (Male) |
| 10:28 | Queue | Scout Cavalry |
| 10:42 | Build | House |
| 10:50 | Queue | Villager (Male) |
| 10:51 | Queue | Scout Cavalry |
| 11:12 | Queue | Scout Cavalry |
| 11:15 | Build | House |
| 11:29 | Research | Tech 1014 |
| 11:31 | Queue | Villager (Male) |
| 11:43 | Queue | Scout Cavalry |
| 11:46 | Build | Pasture |
| 12:00 | Build | Pasture |
| 12:07 | Queue | Villager (Male) |
| 12:28 | Build | Pasture |
| 12:30 | Queue | Villager (Male) |
| 12:35 | Build | House |
| 12:37 | Build | Palisade Wall |
| 12:39 | Build | Palisade Wall |
| 12:44 | Queue | Scout Cavalry |
| 12:50 | Queue | Villager (Male) |
| 13:11 | Queue | Villager (Male) |
| 13:21 | Build | Blacksmith |
| 13:24 | Queue | Villager (Male) |
| 13:32 | Queue | Scout Cavalry |
| 13:47 | Build | Pasture |
| 13:58 | Queue | Scout Cavalry |
| 14:13 | Research | Forging |
| 14:21 | Queue | Villager (Male) |
| 14:28 | Build | House |
| 14:31 | Build | House |
| 14:42 | Build | Pasture |
| 14:46 | Queue | Villager (Male) |
| 14:48 | Queue | Villager (Male) |
| 14:52 | Queue | Scout Cavalry |
| 14:54 | Build | Pasture |
| 15:14 | Queue | Villager (Male) |
| 15:41 | Queue | Villager (Male) |
| 15:48 | Queue | Villager (Male) |
| 15:51 | Build | Mining Camp |
| 16:03 | Queue | Villager (Male) |
| 16:13 | Queue | Villager (Male) |
| 16:34 | Build | Archery Range |
| 16:42 | Build | Pasture |
| 16:47 | Queue | Villager (Male) |
| 16:56 | Build | House |
| 17:01 | Queue | Villager (Male) |
| 17:04 | Build | House |
| 17:05 | Build | House |
| 17:41 | Queue | Villager (Male) |
| 17:43 | Build | Pasture |
| 18:06 | Queue | Villager (Male) |
| 18:29 | Build | Archery Range |
| 18:35 | Research | Castle Age |
| 18:40 | Build | House |
| 18:43 | Build | House |
| 18:54 | Queue | Skirmisher |
| 19:00 | Build | House |
| 19:12 | Build | Archery Range |
| 19:51 | Queue | Villager (Male) |
| 20:05 | Research | Fletching |
| 20:14 | Build | House |
| 20:29 | Research | Padded Archer Armor |
| 20:33 | Build | House |
| 20:34 | Build | House |
| 21:12 | Queue | Villager (Male) |
| 21:15 | Age | Castle Age |
| 21:19 | Build | Town Center |
| 21:20 | Queue | Cavalry Archer |
| 21:21 | Queue | Cavalry Archer |
| 21:21 | Queue | Cavalry Archer |
| 21:22 | Research | Bodkin Arrow |
| 21:44 | Queue | Villager (Male) |
| 21:46 | Queue | Cavalry Archer |
| 21:46 | Queue | Cavalry Archer |
| 21:46 | Queue | Cavalry Archer |
| 21:47 | Queue | Cavalry Archer |
| 21:56 | Queue | Villager (Male) |
| 21:59 | Research | Leather Archer Armor |
| 22:07 | Queue | Villager (Male) |
| 22:17 | Research | Gold Mining |
| 22:32 | Queue | Villager (Male) |
| 22:35 | Queue | Villager (Male) |
| 22:37 | Queue | Cavalry Archer |
| 22:39 | Queue | Cavalry Archer |
| 22:44 | Queue | Villager (Male) |
| 22:47 | Queue | Villager (Male) |
| 23:08 | Queue | Cavalry Archer |
| 23:10 | Queue | Villager (Male) |
| 23:13 | Research | Bow Saw |
| 23:24 | Queue | Cavalry Archer |
| 23:24 | Queue | Cavalry Archer |
| 23:28 | Queue | Villager (Male) |
| 23:40 | Build | Mining Camp |
| 23:47 | Queue | Cavalry Archer |
| 23:48 | Queue | Villager (Male) |
| 23:57 | Queue | Villager (Male) |
| 24:00 | Build | House |
| 24:06 | Build | Lumber Camp |
| 24:15 | Queue | Cavalry Archer |
| 24:15 | Queue | Villager (Male) |
| 24:22 | Queue | Cavalry Archer |
| 24:24 | Queue | Villager (Male) |
| 24:29 | Build | Outpost |
| 24:30 | Build | Outpost |
| 24:31 | Queue | Villager (Male) |
| 24:49 | Queue | Villager (Male) |
| 24:50 | Queue | Cavalry Archer |
| 24:59 | Queue | Villager (Male) |
| 25:04 | Build | Pasture |
| 25:06 | Build | House |
Match timeline
| 4:45 | rubatubdubs · first_building Barracks |
| 7:44 | OS+ | Tiggerr · first_building Barracks |
| 8:14 | OS+ | Tiggerr · wall_segment Palisade Wall x1 |
| 8:50 | rubatubdubs · age_up feudal |
| 8:54 | rubatubdubs · first_building Archery Range |
| 8:55 | rubatubdubs · wall_segment Palisade Wall x1 |
| 8:56 | OS+ | Tiggerr · age_up feudal |
| 8:58 | OS+ | Tiggerr · first_building Stable |
| 9:13 | OS+ | Tiggerr · wall_segment Palisade Wall x1 |
| 9:16 | OS+ | Tiggerr · wall_segment Palisade Wall x1 |
| 9:33 | OS+ | Tiggerr · wall_segment Palisade Wall x1 |
| 9:34 | OS+ | Tiggerr · wall_segment Palisade Wall x1 |
| 9:35 | OS+ | Tiggerr · wall_segment Palisade Wall x1 |
| 10:12 | OS+ | Tiggerr · wall_segment Palisade Wall x7 |
| 10:34 | rubatubdubs · wall_segment Palisade Wall x3 |
| 10:36 | rubatubdubs · wall_segment Palisade Wall x3 |
| 10:49 | rubatubdubs · wall_segment Palisade Wall x6 |
| 12:18 | rubatubdubs · wall_segment Palisade Wall x8 |
| 12:21 | rubatubdubs · wall_segment Palisade Wall x6 |
| 12:37 | OS+ | Tiggerr · wall_segment Palisade Wall x11 |
| 12:39 | OS+ | Tiggerr · wall_segment Palisade Wall x7 |
| 13:19 | rubatubdubs · wall_segment Palisade Wall x4 |
| 13:26 | rubatubdubs · wall_segment Palisade Wall x9 |
| 13:30 | rubatubdubs · wall_segment Palisade Wall x4 |
| 16:34 | OS+ | Tiggerr · first_building Archery Range |
| 21:15 | OS+ | Tiggerr · age_up castle |
| 21:32 | rubatubdubs · wall_segment Palisade Wall x2 |
| 22:38 | rubatubdubs · age_up castle |
| 26:45 | rubatubdubs · wall_segment Palisade Wall x1 |
| 27:17 | OS+ | Tiggerr · first_building Siege Workshop |
| 32:42 | OS+ | Tiggerr · first_building Castle |
| 33:52 | rubatubdubs · first_market_buy 100 food |
| 34:00 | rubatubdubs · first_building Castle |
| 34:07 | OS+ | Tiggerr · first_building Monastery |
| 34:15 | rubatubdubs · first_market_sell 100 food |
| 35:58 | rubatubdubs · first_building Stable |
| 36:58 | OS+ | Tiggerr · age_up imperial |
| 38:18 | rubatubdubs · age_up imperial |
| 40:29 | rubatubdubs · resign |
[ AI ANALYSIS · 1 CREDIT ]
What really happened in this match?
Wolo.gg analyzes every decision: build order, eco, micro, common mistakes by bracket. Personalized analysis on WhatsApp or Discord in 30 seconds.
Civ guide
Malians
Perfil
Jugador #4444859